Workbook

Sheet DOTERRA COLOMBIA
A1: CODIGO | B1: PRODUCTO | C1: UNIDAD | D1: PV | E1: PRECIO MEMBRESIA | F1: PRECIO AL PUBLICO | G1: PRECIO POR GOTA
A2: 60205988 | B2: ABETO DE DOUGLAS | C2: 5 ml | D2: 20.5 | E2: 80000 | F2: 106667 | G2: =F2/80 -> 1333.3375
A3: 60210411 | B3: ABETO NEGRO | C3: 5 ml | D3: 19 | E3: 74000 | F3: 98667 | G3: =F3/80 -> 1233.3375
A4: 60205981 | B4: ABETO SIBERIANO | C4: 15 ml | D4: 21.5 | E4: 82000 | F4: 109333 | G4: =F4/250 -> 437.332
A5: 60208892 | B5: ACONDICIONADOR | C5: 250 ml | D5: 24 | E5: 94000 | F5: 125333
A6: 60211380 | B6: ADAPTIV | C6: 15 ml | D6: 40.5 | E6: 155000 | F6: 206667 | G6: =F6/250 -> 826.668
A7: 60210433 | B7: ADAPTIV TOUCH | C7: 10 ml. | D7: 21.5 | E7: 82000 | F7: 109333
A8: 60217493 | B8: Air-X™ | C8: 15 ml | D8: 31 | E8: 114000 | F8: 152000
A9: 60201585 | B9: ALBAHACA | C9: 15 ml | D9: 25.5 | E9: 98000 | F9: 130667 | G9: =F9/250 -> 522.668
A10: 60210529 | B10: ANILLO MULTIBANDA CELULAR DISEÑO 1 | C10: 1 pza | D10: 0 | E10: 15000 | F10: 20000
A11: 60210530 | B11: ANILLO MULTIBANDA CELULAR DISEÑO 2 | C11: 1 pza | D11: 0 | E11: 15000 | F11: 20000
A12: 60207676 | B12: ARBORVITAE | C12: 5 ml | D12: 23.5 | E12: 90000 | F12: 120000 | G12: =F12/80 -> 1500
A13: 60201747 | B13: AROMATOUCH | C13: 15 ml | D13: 30 | E13: 115000 | F13: 153333 | G13: =F13/250 -> 613.332
A14: 60201735 | B14: AROMATOUCH MINI | C14: 5 ml | D14: 10 | E14: 46000 | F14: 61333 | G14: =F14/80 -> 766.6625
A15: 60201727 | B15: BALANCE | C15: 15 ml | D15: 22.5 | E15: 86000 | F15: 114667 | G15: =F15/250 -> 458.668
A16: 60201699 | B16: BALANCE MINI | C16: 5 ml | D16: 7.5 | E16: 34000 | F16: 45333 | G16: =F16/80 -> 566.6625
A17: 60215969 | B17: BALANCE TOUCH | C17: 10 ml. | D17: 15.5 | E17: 61000 | F17: =E17/0.75 -> 81333.333
A18: 60201587 | B18: BAYA DE ENEBRO | C18: 5 ml | D18: 20 | E18: 78000 | F18: 104000 | G18: =F18/80 -> 1300
A19: 60211384 | B19: BEAUTIFUL BODY MIST | C19: 4.2 oz/ 125ml. | D19: 20 | E19: 81000 | F19: =E19/0.75 -> 108000
A20: 60210334 | B20: BEAUTIFUL TOUCH 10ML | C20: 10 ml. | D20: 25.5 | E20: 98000 | F20: 130667
A21: 60205984 | B21: BERGAMOTA | C21: 15 ml | D21: 32 | E21: 123000 | F21: 164000 | G21: =F21/250 -> 656
A22: 60213761 | B22: BOTELLAS DE MUESTRA | C22: 12 unidades | D22: 0 | E22: 21000 | F22: =E22/0.75 -> 28000
A23: 60214357 | B23: BOLSA PORTA ACEITES | C23: 1 pza | D23: 0 | E23: 25000 | F23: 33333
A24: 60210507 | B24: BOLSA REUTILIZABLE 1 | C24: 1 pza | D24: 0 | E24: 21000 | F24: 28000
A25: 60210508 | B25: BOLSA REUTILIZABLE 2 | C25: 1 pza | D25: 0 | E25: 21000 | F25: 28000
A26: 60211348 | B26: BRAVE | C26: 10 ml. | D26: 22.5 | E26: 86000 | F26: =E26/0.75 -> 114666.67
A27: 60201687 | B27: BREATHE | C27: 15 ml | D27: 23.5 | E27: 90000 | F27: =E27/0.75 -> 120000 | G27: =F27/250 -> 480 | H27: =F27/1.19 -> 100840.34
A28: 60213004 | B28: BREATHE DROPS | C28: 30 caramelos | D28: 11 | E28: 68000 | F28: =E28/0.75 -> 90666.667
A29: 60201688 | B29: BREATHE MINI | C29: 5 ml | D29: 7.5 | E29: 36000 | F29: 48000 | G29: =F29/80 -> 600
A30: 60201719 | B30: BREATHE BARRA VAPOR | C30: 1 Barra | D30: 5.5 | E30: 35000 | F30: 46667
A31: 60209820 | B31: BREATHE DROPS | C31: 30 caramelos | D31: 10.5 | E31: 64500 | F31: =E31/0.75 -> 86000
A32: 60201648 | B32: BREATHE TOUCH | C32: 10 ml. | D32: 15 | E32: 57000 | F32: =E32/0.75 -> 76000
A33: 60211349 | B33: CALMER | C33: 10 ml. | D33: 20.5 | E33: 78000 | F33: 104000
A34: 60205969 | B34: CANELA | C34: 5 ml | D34: 25 | E34: 98000 | F34: 130667 | G34: =F34/80 -> 1633.3375
A35: 60214160 | B35: CANGURO DEPORTIVO | C35: 1 pza | D35: 0 | E35: 35000 | F35: 46667
A36: 60201713 | B36: CARDAMOMO | C36: 5 ml | D36: 27 | E36: 106000 | F36: 141333 | G36: =F36/80 -> 1766.6625
A37: 60205986 | B37: CASIA | C37: 15 ml | D37: 20.5 | E37: 78000 | F37: 104000 | G37: =F37/250 -> 416
A38: 60217907 | B38: CAPSULAS VEGETALES | C38: 120 cápsulas | D38: 0 | E38: 37000 | F38: 49333
A39: 60211196 | B39: CATALOGO DOTERRA | C39: 1 Catalogo | D39: 0 | E39: 5320 | F39: 7227
A40: 60208140 | B40: CEDRO | C40: 15 ml | D40: 14 | E40: 53000 | F40: 70667 | G40: =F40/250 -> 282.668
A41: 60201643 | B41: CHEER | C41: 5 ml | D41: 26 | E41: 102000 | F41: =E41/0.75 -> 136000 | G41: =F41/80 -> 1700
A42: 60208317 | B42: CHEER TOUCH | C42: 10 ml. | D42: 17.5 | E42: 67000 | F42: =E42/0.75 -> 89333.333
A43: 60208442 | B43: CILANTRO | C43: 15 ml | D43: 27.5 | E43: 106000 | F43: 141333 | G43: =F43/250 -> 565.332
A44: 60207912 | B44: CIPRES | C44: 15 ml | D44: 17 | E44: 63000 | F44: 84000 | G44: =F44/250 -> 336
A45: 60210407 | B45: CITRONELA | C45: 15 ml | D45: 19.5 | E45: 74000 | F45: =E45/0.75 -> 98666.667 | G45: =F45/250 -> 394.66667
A46: 60205980 | B46: CITRUS BLISS | C46: 15 ml | D46: 19.5 | E46: 74000 | F46: 98667 | G46: =F46/250 -> 394.668
A47: 60208786 | B47: CITRUS BLOOM | C47: 15 ml | D47: 26 | E47: 100000 | F47: 133333
A48: 60201675 | B48: CLARY CALM | C48: 10 ml. | D48: 28.5 | E48: 110000 | F48: 146667 | G48: =F48/160 -> 916.66875
A49: 60203100 | B49: CLAVO | C49: 15 ml | D49: 17.5 | E49: 66000 | F49: 88000 | G49: =F49/250 -> 352
A50: 60201619 | B50: COCO FRACCIONADO | C50: 115 ml | D50: 12.5 | E50: 49000 | F50: 65333 | G50: =F50/115 -> 568.11304
A51: 60210522 | B51: COLLARES DE MASCOTAS GRANDE | C51: 1 pza | D51: 0 | E51: 76000 | F51: 101333
A52: 60210521 | B52: COLLARES DE MASCOTAS PEQUEÑO | C52: 1 pza | D52: 0 | E52: 83000 | F52: 110667
A53: 60201668 | B53: CONSOLE | C53: 5 ml | D53: 39 | E53: 151000 | F53: 201333 | G53: =F53/80 -> 2516.6625
A54: 60208966 | B54: CONSOLE TOUCH | C54: 10 ml. | D54: 25.5 | E54: 98000 | F54: =E54/0.75 -> 130666.67
A55: 60205397 | B55: COPAIBA | C55: 15 ml | D55: 33.35 | E55: 129000 | F55: 172000 | G55: =F55/250 -> 688
A56: 60219363 | B56: COPAIBA TOUCH | C56: 10 ml. | D56: 25 | E56: 99000 | F56: 132000
A57: 60211040 | B57: CREMA CORPORAL DOTERRA | C57: 200 ml. | D57: 13.5 | E57: 61000 | F57: =E57/0.75 -> 81333.333
A58: 60214428 | B58: CREMA CORPORAL DOTERRA X 3 | C58: 3 Lociones | D58: 31.5 | E58: 155000 | F58: =E58/0.75 -> 206666.67
A59: 60201522 | B59: CREMA DEEP BLUE | C59: 120 ml | D59: 31.5 | E59: 131000 | F59: =E59/0.75 -> 174666.67
A60: 60210409 | B60: CREMA FACIAL HIDRATANTE | C60: 48 g | D60: 36 | E60: 147000 | F60: =E60/0.75 -> 196000
A61: 60211875 | B61: CREMA HIDRATANTE PARA PAÑAL | C61: 60 g | D61: 5 | E61: 41000 | F61: =E61/0.75 -> 54666.667
A62: 60211389 | B62: CREMA SOLIDA HIDRATANTE | C62: 198 g | D62: 15.5 | E62: 81000 | F62: =E62/0.75 -> 108000
A63: 60209660 | B63: CURCUMA | C63: 15 ml | D63: 30 | E63: 115000 | F63: 153333 | G63: =F63/250 -> 613.332
A64: 60215153 | B64: DAVANA TOUCH 10ML | C64: 10 ml. | D64: 34 | E64: 131000 | F64: 174667
A65: 60201728 | B65: DEEP BLUE 10ML | C65: 10 ml. | D65: 69 | E65: 270000 | F65: 360000
A66: 60201740 | B66: DEEP BLUE 5ML | C66: 5 ml | D66: 34.5 | E66: 135000 | F66: 180000 | G66: =F66/80 -> 2250
A67: 60201748 | B67: DEEP BLUE TOUCH | C67: 10 ml. | D67: 45.5 | E67: 176000 | F67: =E67/0.75 -> 234666.67
A68: 60210739 | B68: DESODORANTE NATURAL BALANCE | C68: 75g | D68: 5 | E68: 36000 | F68: =E68/0.75 -> 48000
A69: 60213136 | B69: DESODORANTE INFUNDIDO CON CITRUS BLOOM | C69: 75g | D69: 5 | E69: 43000 | F69: 57333
A70: 60208848 | B70: DIFUSOR AROMA CLIP | C70: 1 pza | D70: 0 | E70: 20000 | F70: 26667
A71: 60220443 | B71: DIFUSOR ISLAND LAVA ROCK + ISLAND MINT 15ML | C71: KIT | D71: 23 | E71: 127500 | F71: 170000
A72: 60215092 | B72: DIFUSOR LALUZ | C72: 1 Difusor | D72: 25 | E72: 210000 | F72: 280000
A73: 60204599 | B73: DIFUSOR LUMO | C73: 1 Difusor | D73: 42 | E73: 271500 | F73: 362250
A74: 60215326 | B74: DIFUSOR PEBBLE | C74: 1 Difusor | D74: 10 | E74: 120000 | F74: 160000
A75: 60209194 | B75: DIFUSOR PETAL | C75: 1 Difusor | D75: 21 | E75: 193000 | F75: =E75/0.75 -> 257333.33 | I75: =307100+33000+120000+20000+10000 -> 490100
A76: 60215355 | B76: DIFUSOR ROAM | C76: 1 Difusor | D76: 35 | E76: 269000 | F76: =E76/0.75 -> 358666.67
A77: 60220380 | B77: DIFUSOR VOLO MARMOL + TORONJA BLANCA 5ML | C77: KIT | D77: 12 | E77: 198750 | F77: =E77/0.75 -> 265000
A78: 60220438 | B78: DIFUSOR VOLO ONIX + TORONJA BLANCA 5ML | C78: KIT | D78: 12 | E78: 198750 | F78: 265000
A79: 60201717 | B79: ELEVATION | C79: 15 ml | D79: 45.5 | E79: 176000 | F79: =E79/0.75 -> 234666.67 | G79: =F79/250 -> 938.66667
A80: 60214840 | B80: ESTUCHE FLORAL | C80: 1 pza | D80: 0 | E80: 61000 | F80: 81333
A81: 60201579 | B81: EUCALIPTO | C81: 15 ml | D81: 15 | E81: 57000 | F81: 76000 | G81: =F81/250 -> 304
A82: 60213006 | B82: EXFOLIANTE CORPORAL | C82: 226 g | D82: 16 | E82: 80000 | F82: =E82/0.75 -> 106666.67
A83: 60211383 | B83: EXFOLIANTE VIGORIZANTE | C83: 70 g | D83: 21.5 | E83: 95000 | F83: =E83/0.75 -> 126666.67
A84: 60212505 | B84: EXHIBIDOR LOTUS | C84: 1 pza | D84: 0 | E84: 90000 | F84: 120000
A85: 60201646 | B85: FORGIVE | C85: 5 ml | D85: 21 | E85: 82000 | F85: 109333 | G85: =F85/80 -> 1366.6625
A86: 60208623 | B86: FORGIVE TOUCH | C86: 10 ml. | D86: 13.5 | E86: 53000 | F86: =E86/0.75 -> 70666.667
A87: 60205983 | B87: GAULTERIA | C87: 15 ml | D87: 23.5 | E87: 90000 | F87: =E87/0.75 -> 120000 | G87: =F87/250 -> 480
A88: 60201581 | B88: GERANIO | C88: 15 ml | D88: 33 | E88: 127000 | F88: 169333 | G88: =F88/250 -> 677.332
A89: 60219356 | B89: GUIA DE PRODUCTOS | C89: Individual | D89: 0 | E89: 9450 | F89: =E89/0.75 -> 12600
A90: 60219439 | B90: GUIA DE PRODUCTOS | C90: Paq de 10 | D90: 0 | E90: 85050 | F90: =E90/0.75 -> 113400
A91: 60204512 | B91: HD CLEAR ESPUMA LIMPIADORA | C91: 50 ml | D91: 23 | E91: 90000 | F91: =E91/0.75 -> 120000
A92: 60204500 | B92: HD CLEAR LOCION FACIAL | C92: 50 ml | D92: 36 | E92: 139000 | F92: =E92/0.75 -> 185333.33
A93: 60204494 | B93: HD CLEAR MEZCLA TOPICA | C93: 10 ml. | D93: 22.5 | E93: 86000 | F93: =E93/0.75 -> 114666.67 | G93: =F93/160 -> 716.66667
A94: 60205995 | B94: HELICRISO | C94: 5 ml | D94: 72.5 | E94: 331000 | F94: 441333 | G94: =F94/80 -> 5516.6625
A95: 60211384 | B95: HYDRATING BODY MIST | C95: 4.2 fl oz / 125 mL | D95: 20 | E95: 86000 | F95: 114667
A96: 60209459 | B96: HIERBABUENA | C96: 15 ml | D96: 30 | E96: 115000 | F96: 153333 | G96: =F96/250 -> 613.332
A97: 60205989 | B97: HINOJO | C97: 15 ml | D97: 16 | E97: 61000 | F97: 81333 | G97: =F97/250 -> 325.332
A98: 60202744 | B98: HOPE TOUCH | C98: 10 ml. | D98: 0 | E98: 82000 | F98: 109333
A99: 60210482 | B99: HUMECTANTE ESENCIAL | C99: 50 ml | D99: 34.5 | E99: 141000 | F99: =E99/0.75 -> 188000
A100: 60201737 | B100: IN TUNE | C100: 10 ml. | D100: 36.5 | E100: 141000 | F100: 188000 | G100: =F100/160 -> 1175
...

Sheet DOTERRA ESTADOS UNIDOS
A1: LISTA DE PRECIOS PRODUCTOS DOTERRA USA
A2: CATEGORIA | B2: PRODUCTO | C2: CONTENIDO | D2: PUBLICO DÓLAR | E2: MEMBRESIA DÓLAR | F2: PUBLICO PESOS | G2: MEMBRESIA PESOS | H2: PV
A3: ACEITES ESENCIALES | B3: Arborvitae | C3: 5 mL | D3: 29.33 | E3: 22 | F3: =($D3+($D3*0.07))*$K$3 -> 128670.71 | G3: =($E3+($E3*0.07))*$K$3 -> 96514 | H3: 22 | J3: TASA CAMBIO | K3: 4100
A4: ACEITES ESENCIALES | B4: Basil | C4: 15 mL | D4: 40 | E4: 30 | F4: =($D4+($D4*0.07))*$K$3 -> 175480 | G4: =($E4+($E4*0.07))*$K$3 -> 131610 | H4: 30 | J4: ENVIO POR PRODUCTO APROX | K4: 15000
A5: ACEITES ESENCIALES | B5: Bergamot | C5: 15 mL | D5: 48 | E5: 36 | F5: =($D5+($D5*0.07))*$K$3 -> 210576 | G5: =($E5+($E5*0.07))*$K$3 -> 157932 | H5: 36
A6: ACEITES ESENCIALES | B6: Black Pepper | C6: 5 mL | D6: 29.33 | E6: 22 | F6: =($D6+($D6*0.07))*$K$3 -> 128670.71 | G6: =($E6+($E6*0.07))*$K$3 -> 96514 | H6: 22 | J6: NOTA:ESTOS PRODUCTOS NO INCLUYEN VALOR DE ENVIO A COLOMBIA NI AL CASILLERO DE ESTADOS UNIDOS
A7: ACEITES ESENCIALES | B7: Black Spruce | C7: 5 mL | D7: 26.67 | E7: 20 | F7: =($D7+($D7*0.07))*$K$3 -> 117001.29 | G7: =($E7+($E7*0.07))*$K$3 -> 87740 | H7: 20
A8: ACEITES ESENCIALES | B8: Blue Tansy | C8: 5 mL | D8: 113.33 | E8: 85 | F8: =($D8+($D8*0.07))*$K$3 -> 497178.71 | G8: =($E8+($E8*0.07))*$K$3 -> 372895 | H8: 80
A9: ACEITES ESENCIALES | B9: Cardamom | C9: 5 mL | D9: 37.37 | E9: 28 | F9: =($D9+($D9*0.07))*$K$3 -> 163942.19 | G9: =($E9+($E9*0.07))*$K$3 -> 122836 | H9: 28
A10: ACEITES ESENCIALES | B10: Cassia | C10: 15 mL | D10: 28 | E10: 21 | F10: =($D10+($D10*0.07))*$K$3 -> 122836 | G10: =($E10+($E10*0.07))*$K$3 -> 92127 | H10: 21
A11: ACEITES ESENCIALES | B11: Cedarwood | C11: 15 mL | D11: 18 | E11: 13.5 | F11: =($D11+($D11*0.07))*$K$3 -> 78966 | G11: =($E11+($E11*0.07))*$K$3 -> 59224.5 | H11: 13.5
A12: ACEITES ESENCIALES | B12: Celery Seed | C12: 15 mL | D12: 48 | E12: 36 | F12: =($D12+($D12*0.07))*$K$3 -> 210576 | G12: =($E12+($E12*0.07))*$K$3 -> 157932 | H12: 36
A13: ACEITES ESENCIALES | B13: Cilantro | C13: 15 mL | D13: 34.67 | E13: 26 | F13: =($D13+($D13*0.07))*$K$3 -> 152097.29 | G13: =($E13+($E13*0.07))*$K$3 -> 114062 | H13: 26
A14: ACEITES ESENCIALES | B14: Cinnamon Bark | C14: 5 mL | D14: 38.67 | E14: 29 | F14: =($D14+($D14*0.07))*$K$3 -> 169645.29 | G14: =($E14+($E14*0.07))*$K$3 -> 127223 | H14: 29
A15: ACEITES ESENCIALES | B15: Citronella | C15: 15 mL | D15: 26.67 | E15: 20 | F15: =($D15+($D15*0.07))*$K$3 -> 117001.29 | G15: =($E15+($E15*0.07))*$K$3 -> 87740 | H15: 20
A16: ACEITES ESENCIALES | B16: Clary Calm | C16: 10 mL | D16: 41.33 | E16: 31 | F16: =($D16+($D16*0.07))*$K$3 -> 181314.71 | G16: =($E16+($E16*0.07))*$K$3 -> 135997 | H16: 31
A17: ACEITES ESENCIALES | B17: Clary Sage | C17: 15 mL | D17: 52 | E17: 39 | F17: =($D17+($D17*0.07))*$K$3 -> 228124 | G17: =($E17+($E17*0.07))*$K$3 -> 171093 | H17: 39
A18: ACEITES ESENCIALES | B18: Clove | C18: 15 mL | D18: 24 | E18: 18 | F18: =($D18+($D18*0.07))*$K$3 -> 105288 | G18: =($E18+($E18*0.07))*$K$3 -> 78966 | H18: 18
... A124: MEZCLAS ESENCIALES | B124: dōTERRA Passion® Touch | C124: 10 mL | D124: 37.33 | E124: 28 | F124: =($D124+($D124*0.07))*$K$3 -> 163766.71 | G124: =($E124+($E124*0.07))*$K$3 -> 122836 | H124: 28
A125: MEZCLAS ESENCIALES | B125: PastTense® Roll On | C125: 10 mL | D125: 26 | E125: 19.5 | F125: =($D125+($D125*0.07))*$K$3 -> 114062 | G125: =($E125+($E125*0.07))*$K$3 -> 85546.5 | H125: 19,5
A126: MEZCLAS ESENCIALES | B126: Past Tense | C126: 15 mL | D126: 40 | E126: 30 | F126: =($D126+($D126*0.07))*$K$3 -> 175480 | G126: =($E126+($E126*0.07))*$K$3 -> 131610 | H126: 30
A127: MEZCLAS ESENCIALES | B127: dōTERRA Peace® | C127: 5 mL | D127: 42.67 | E127: 32 | F127: =($D127+($D127*0.07))*$K$3 -> 187193.29 | G127: =($E127+($E127*0.07))*$K$3 -> 140384 | H127: 32
A128: MEZCLAS ESENCIALES | B128: dōTERRA Peace® Touch | C128: 10 mL | D128: 28 | E128: 21 | F128: =($D128+($D128*0.07))*$K$3 -> 122836 | G128: =($E128+($E128*0.07))*$K$3 -> 92127 | H128: 21
A129: MEZCLAS ESENCIALES | B129: Purify | C129: 15 mL | D129: 29.33 | E129: 22 | F129: =($D129+($D129*0.07))*$K$3 -> 128670.71 | G129: =($E129+($E129*0.07))*$K$3 -> 96514 | H129: 22
A130: MEZCLAS ESENCIALES | B130: Rescuer | C130: 10 mL | D130: 22 | E130: 16.5 | F130: =($D130+($D130*0.07))*$K$3 -> 96514 | G130: =($E130+($E130*0.07))*$K$3 -> 72385.5 | H130: 16.5
A131: MEZCLAS ESENCIALES | B131: dōTERRA Serenity® | C131: 15 mL | D131: 48 | E131: 36 | F131: =($D131+($D131*0.07))*$K$3 -> 210576 | G131: =($E131+($E131*0.07))*$K$3 -> 157932 | H131: 36
A132: MEZCLAS ESENCIALES | B132: dōTERRA Serenity® Softgels | C132: 60 Sgls | D132: 30.67 | E132: 23 | F132: =($D132+($D132*0.07))*$K$3 -> 134549.29 | G132: =($E132+($E132*0.07))*$K$3 -> 100901 | H132: 18
A133: MEZCLAS ESENCIALES | B133: dōTERRA Serenity® Combo Pack | C133: Btl+Sgls | D133: 60 | E133: 45 | F133: =($D133+($D133*0.07))*$K$3 -> 263220 | G133: =($E133+($E133*0.07))*$K$3 -> 197415 | H133: 40
A134: MEZCLAS ESENCIALES | B134: Slim & Sassy® | C134: 15 mL | D134: 34.67 | E134: 26 | F134: =($D134+($D134*0.07))*$K$3 -> 152097.29 | G134: =($E134+($E134*0.07))*$K$3 -> 114062 | H134: 26
A135: MEZCLAS ESENCIALES | B135: Slim & Sassy® Softgels | C135: 90 Sgls | D135: 48 | E135: 36 | F135: =($D135+($D135*0.07))*$K$3 -> 210576 | G135: =($E135+($E135*0.07))*$K$3 -> 157932 | H135: 31,5
A136: MEZCLAS ESENCIALES | B136: Steady | C136: 10 mL | D136: 22 | E136: 16.5 | F136: =($D136+($D136*0.07))*$K$3 -> 96514 | G136: =($E136+($E136*0.07))*$K$3 -> 72385.5 | H136: 16.5
A137: MEZCLAS ESENCIALES | B137: Stronger | C137: 10 mL | D137: 21.33 | E137: 16 | F137: =($D137+($D137*0.07))*$K$3 -> 93574.71 | G137: =($E137+($E137*0.07))*$K$3 -> 70192 | H137: 16
A138: MEZCLAS ESENCIALES | B138: Tamer | C138: 10 mL | D138: 22 | E138: 16.5 | F138: =($D138+($D138*0.07))*$K$3 -> 96514 | G138: =($E138+($E138*0.07))*$K$3 -> 72385.5 | H138: 16.5
A139: MEZCLAS ESENCIALES | B139: TerraShield® | C139: 15 mL | D139: 17.33 | E139: 13 | F139: =($D139+($D139*0.07))*$K$3 -> 76026.71 | G139: =($E139+($E139*0.07))*$K$3 -> 57031 | H139: 13
A140: MEZCLAS ESENCIALES | B140: TerraShield® Spray | C140: 30 mL | D140: 26.67 | E140: 20 | F140: =($D140+($D140*0.07))*$K$3 -> 117001.29 | G140: =($E140+($E140*0.07))*$K$3 -> 87740 | H140: 18
A141: MEZCLAS ESENCIALES | B141: Thinker | C141: 10 mL | D141: 23.33 | E141: 17.5 | F141: =($D141+($D141*0.07))*$K$3 -> 102348.71 | G141: =($E141+($E141*0.07))*$K$3 -> 76772.5 | H141: 17.5
A142: MEZCLAS ESENCIALES | B142: TriEase® Blend Softgels | C142: 60 Sgls | D142: 34 | E142: 25 | F142: =($D142+($D142*0.07))*$K$3 -> 149158 | G142: =($E142+($E142*0.07))*$K$3 -> 109675 | H142: 22
A143: MEZCLAS ESENCIALES | B143: Whisper® | C143: 5 mL | D143: 32 | E143: 24 | F143: =($D143+($D143*0.07))*$K$3 -> 140384 | G143: =($E143+($E143*0.07))*$K$3 -> 105288 | H143: 24
A144: MEZCLAS ESENCIALES | B144: Whisper®Touch | C144: 10 mL | D144: 37.33 | E144: 28 | F144: =($D144+($D144*0.07))*$K$3 -> 163766.71 | G144: =($E144+($E144*0.07))*$K$3 -> 122836 | H144: 28
A145: MEZCLAS ESENCIALES | B145: Yarrow Pom | C145: 30 mL | D145: 130.67 | E145: 98 | F145: =($D145+($D145*0.07))*$K$3 -> 573249.29 | G145: =($E145+($E145*0.07))*$K$3 -> 429926 | H145: 98
A146: MEZCLAS ESENCIALES | B146: Zendocrine® | C146: 15 mL | D146: 34.67 | E146: 26 | F146: =($D146+($D146*0.07))*$K$3 -> 152097.29 | G146: =($E146+($E146*0.07))*$K$3 -> 114062 | H146: 26
A147: MEZCLAS ESENCIALES | B147: Zendocrine® Softgels | C147: 60 Sgls | D147: 35.33 | E147: 26.5 | F147: =($D147+($D147*0.07))*$K$3 -> 154992.71 | G147: =($E147+($E147*0.07))*$K$3 -> 116255.5 | H147: 23
... A198: SUPLEMENTOS | B198: Kids Kit | C198: 2 Pack | D198: 43.33 | E198: 32 | F198: =($D198+($D198*0.07))*$K$3 -> 190088.71 | G198: =($E198+($E198*0.07))*$K$3 -> 140384 | H198: 15
A199: SUPLEMENTOS | B199: Alpha CRS®+ | C199: 120 Caps | D199: 92.67 | E199: 69.5 | F199: =($D199+($D199*0.07))*$K$3 -> 406543.29 | G199: =($E199+($E199*0.07))*$K$3 -> 304896.5 | H199: 69,5
A200: SUPLEMENTOS | B200: xEO Mega® | C200: 120 Sgls | D200: 71.33 | E200: 53.5 | F200: =($D200+($D200*0.07))*$K$3 -> 312924.71 | G200: =($E200+($E200*0.07))*$K$3 -> 234704.5 | H200: 53.5
A201: SUPLEMENTOS | B201: vEO Mega | C201: 120 Sgls | D201: 71.33 | E201: 53.5 | F201: =($D201+($D201*0.07))*$K$3 -> 312924.71 | G201: =($E201+($E201*0.07))*$K$3 -> 234704.5 | H201: 53.5
A202: SUPLEMENTOS | B202: Microplex VMz® | C202: 120 Caps | D202: 46 | E202: 34.5 | F202: =($D202+($D202*0.07))*$K$3 -> 201802 | G202: =($E202+($E202*0.07))*$K$3 -> 151351.5 | H202: 34.5
A203: SUPLEMENTOS | B203: Mito2Max® | C203: 60 Caps | D203: 53.27 | E203: 39.95 | F203: =($D203+($D203*0.07))*$K$3 -> 233695.49 | G203: =($E203+($E203*0.07))*$K$3 -> 175260.65 | H203: 35
A204: SUPLEMENTOS | B204: Vegan Microplex VMz® | C204: 60 Caps | D204: 66 | E204: 49.5 | F204: =($D204+($D204*0.07))*$K$3 -> 289542 | G204: =($E204+($E204*0.07))*$K$3 -> 217156.5 | H204: 39,5
A205: SUPLEMENTOS | B205: DigestZen TerraZyme® | C205: 90 Caps | D205: 46 | E205: 34.5 | F205: =($D205+($D205*0.07))*$K$3 -> 201802 | G205: =($E205+($E205*0.07))*$K$3 -> 151351.5 | H205: 30
A206: SUPLEMENTOS | B206: PB Assist+® | C206: 30 Caps | D206: 53.27 | E206: 39.95 | F206: =($D206+($D206*0.07))*$K$3 -> 233695.49 | G206: =($E206+($E206*0.07))*$K$3 -> 175260.65 | H206: 35
A207: SUPLEMENTOS | B207: PB Assist+® Jr | C207: 30 Pack | D207: 36 | E207: 27 | F207: =($D207+($D207*0.07))*$K$3 -> 157932 | G207: =($E207+($E207*0.07))*$K$3 -> 118449 | H207: 22
A208: SUPLEMENTOS | B208: DigestTab™ | C208: 100 Tabs | D208: 18.67 | E208: 14 | F208: =($D208+($D208*0.07))*$K$3 -> 81905.29 | G208: =($E208+($E208*0.07))*$K$3 -> 61418 | H208: 10
A209: SUPLEMENTOS | B209: GX Assist® | C209: 60 Sgls | D209: 34.67 | E209: 26 | F209: =($D209+($D209*0.07))*$K$3 -> 152097.29 | G209: =($E209+($E209*0.07))*$K$3 -> 114062 | H209: 22
A210: SUPLEMENTOS | B210: Zendocrine® Complex | C210: 60 Caps | D210: 30 | E210: 22.5 | F210: =($D210+($D210*0.07))*$K$3 -> 131610 | G210: =($E210+($E210*0.07))*$K$3 -> 98707.5 | H210: 20
A211: SUPLEMENTOS | B211: IQ Mega® | C211: 150 mL | D211: 46 | E211: 34.5 | F211: =($D211+($D211*0.07))*$K$3 -> 201802 | G211: =($E211+($E211*0.07))*$K$3 -> 151351.5 | H211: 30
A212: SUPLEMENTOS | B212: dōTERRA a2z Chewable™ | C212: 60 Sgls | D212: 30 | E212: 22.5 | F212: =($D212+($D212*0.07))*$K$3 -> 131610 | G212: =($E212+($E212*0.07))*$K$3 -> 98707.5 | H212: 17
A213: SUPLEMENTOS | B213: a2z Chewable & IQ Mega® | C213: 2 Pack | D213: 52.67 | E213: 39.5 | F213: =($D213+($D213*0.07))*$K$3 -> 231063.29 | G213: =($E213+($E213*0.07))*$K$3 -> 173286.5 | H213: 25
A214: SUPLEMENTOS | B214: Phytoestrogen Complex | C214: 60 Caps | D214: 52.67 | E214: 39.5 | F214: =($D214+($D214*0.07))*$K$3 -> 231063.29 | G214: =($E214+($E214*0.07))*$K$3 -> 173286.5 | H214: 36
A215: SUPLEMENTOS | B215: Bone Nutrient Complex | C215: 120 Caps | D215: 23.33 | E215: 17.5 | F215: =($D215+($D215*0.07))*$K$3 -> 102348.71 | G215: =($E215+($E215*0.07))*$K$3 -> 76772.5 | H215: 12
A216: SUPLEMENTOS | B216: Women’s Health Kit | C216: 3 Pack | D216: 92.67 | E216: 69.5 | F216: =($D216+($D216*0.07))*$K$3 -> 406543.29 | G216: =($E216+($E216*0.07))*$K$3 -> 304896.5 | H216: 60
A217: SUPLEMENTOS | B217: Womens Phytoestrogen | D217: 52.67 | E217: 39.5 | F217: =($D217+($D217*0.07))*$K$3 -> 231063.29 | G217: =($E217+($E217*0.07))*$K$3 -> 173286.5 | H217: 36
A218: SUPLEMENTOS | B218: Turmeric Dual Chamber Capsules | C218: 60 Caps | D218: 50.67 | E218: 38 | F218: =($D218+($D218*0.07))*$K$3 -> 222289.29 | G218: =($E218+($E218*0.07))*$K$3 -> 166706 | H218: 28
A219: SUPLEMENTOS | B219: dōTERRA Peppermint Softgels | C219: 60 Sgls | D219: 25.33 | E219: 19 | F219: =($D219+($D219*0.07))*$K$3 -> 111122.71 | G219: =($E219+($E219*0.07))*$K$3 -> 83353 | H219: 16
A220: SUPLEMENTOS | B220: dōTERRA Greens | C220: 30 Serv. | D220: 39.93 | E220: 29.95 | F220: =($D220+($D220*0.07))*$K$3 -> 175172.91 | G220: =($E220+($E220*0.07))*$K$3 -> 131390.65 | H220: 21
A221: SUPLEMENTOS | B221: dōTERRA Fiber | C221: 30 Serv. | D221: 26 | E221: 19.5 | F221: =($D221+($D221*0.07))*$K$3 -> 114062 | G221: =($E221+($E221*0.07))*$K$3 -> 85546.5 | H221: 14
A222: SUPLEMENTOS | B222: dōTERRA Chocolate Protein | C222: 20 Serv. | D222: 55.33 | E222: 41.5 | F222: =($D222+($D222*0.07))*$K$3 -> 242732.71 | G222: =($E222+($E222*0.07))*$K$3 -> 182060.5 | H222: 25
A223: SUPLEMENTOS | B223: dōTERRA Vanilla Protein | C223: 20 Serv. | D223: 55.33 | E223: 41.5 | F223: =($D223+($D223*0.07))*$K$3 -> 242732.71 | G223: =($E223+($E223*0.07))*$K$3 -> 182060.5 | H223: 25
A224: SUPLEMENTOS | B224: dōTERRA Vegan Protein | C224: 20 Serv. | D224: 55.33 | E224: 41.5 | F224: =($D224+($D224*0.07))*$K$3 -> 242732.71 | G224: =($E224+($E224*0.07))*$K$3 -> 182060.5 | H224: 25
A225: SPA | B225: Balance Bath Bar | C225: 4 oz | D225: 9 | E225: 6.75 | F225: =($D225+($D225*0.07))*$K$3 -> 39483 | G225: =($E225+($E225*0.07))*$K$3 -> 29612.25 | H225: 5
A226: SPA | B226: Balance Bath Bar 3-Pack | C226: 3 Pack | D226: 19.33 | E226: 14.5 | F226: =($D226+($D226*0.07))*$K$3 -> 84800.71 | G226: =($E226+($E226*0.07))*$K$3 -> 63611.5 | H226: 10
A227: SPA | B227: Citrus Bliss® Bath Bar | C227: 4 oz | D227: 9 | E227: 6.75 | F227: =($D227+($D227*0.07))*$K$3 -> 39483 | G227: =($E227+($E227*0.07))*$K$3 -> 29612.25 | H227: 5
A228: SPA | B228: Citrus Bliss® Bath Bar 3-Pack | C228: 3 Pack | D228: 19.33 | E228: 14.5 | F228: =($D228+($D228*0.07))*$K$3 -> 84800.71 | G228: =($E228+($E228*0.07))*$K$3 -> 63611.5 | H228: 10
A229: SPA | B229: Serenity® Bath Bar | C229: 4 oz | D229: 9 | E229: 6.75 | F229: =($D229+($D229*0.07))*$K$3 -> 39483 | G229: =($E229+($E229*0.07))*$K$3 -> 29612.25 | H229: 5
... A247: SPA | B247: dōTERRA Spa Luxury Kit | C247: 3 Piece | D247: 56 | E247: 42 | F247: =($D247+($D247*0.07))*$K$3 -> 245672 | G247: =($E247+($E247*0.07))*$K$3 -> 184254 | H247: 32
A248: SPA | B248: dōTERRA body carrier oil blend | C248: 115 ml | D248: 32.67 | E248: 24.5 | F248: =($D248+($D248*0.07))*$K$3 -> 143323.29 | G248: =($E248+($E248*0.07))*$K$3 -> 107481.5
A249: SPA | B249: Total dōTERRA Spa Kit | C249: 14 Piece | D249: 153.33 | E249: 115 | F249: =($D249+($D249*0.07))*$K$3 -> 672658.71 | G249: =($E249+($E249*0.07))*$K$3 -> 504505 | H249: 80
A250: VERAGE PRODUCTOS | B250: Verage® Cleanser | C250: 2 fl oz | D250: 30 | E250: 22.5 | F250: =($D250+($D250*0.07))*$K$3 -> 131610 | G250: =($E250+($E250*0.07))*$K$3 -> 98707.5 | H250: 20
A251: VERAGE PRODUCTOS | B251: Verage® Toner | C251: 1.7 fl oz | D251: 26.67 | E251: 20 | F251: =($D251+($D251*0.07))*$K$3 -> 117001.29 | G251: =($E251+($E251*0.07))*$K$3 -> 87740 | H251: 16
A252: VERAGE PRODUCTOS | B252: Verage® Immortelle Hydrating Serum | C252: .5 fl oz | D252: 77.33 | E252: 58 | F252: =($D252+($D252*0.07))*$K$3 -> 339246.71 | G252: =($E252+($E252*0.07))*$K$3 -> 254446 | H252: 50
A253: VERAGE PRODUCTOS | B253: Verage® Moisturizer | C253: 1 fl oz | D253: 36.67 | E253: 27.5 | F253: =($D253+($D253*0.07))*$K$3 -> 160871.29 | G253: =($E253+($E253*0.07))*$K$3 -> 120642.5 | H253: 25
A254: VERAGE PRODUCTOS | B254: Verage® Skin Care Collection | C254: 4 Piece | D254: 119.33 | E254: 89.5 | F254: =($D254+($D254*0.07))*$K$3 -> 523500.71 | G254: =($E254+($E254*0.07))*$K$3 -> 392636.5 | H254: 70
A255: HD CLEAR PRODUCTOS | B255: HD Clear® Foaming Face Wash | C255: 1.7 oz | D255: 26.67 | E255: 20 | F255: =($D255+($D255*0.07))*$K$3 -> 117001.29 | G255: =($E255+($E255*0.07))*$K$3 -> 87740 | H255: 18
A256: HD CLEAR PRODUCTOS | B256: HD Clear® Facial Lotion | C256: 1.7 oz | D256: 42.67 | E256: 32 | F256: =($D256+($D256*0.07))*$K$3 -> 187193.29 | G256: =($E256+($E256*0.07))*$K$3 -> 140384 | H256: 28
A257: HD CLEAR PRODUCTOS | B257: HD Clear® Facial Kit | C257: 3 Pack | D257: 68 | E257: 51 | F257: =($D257+($D257*0.07))*$K$3 -> 298316 | G257: =($E257+($E257*0.07))*$K$3 -> 223737 | H257: 45
A258: CUIDADO FACIAL | B258: Facial Cleanser | C258: 4 fl oz | D258: 20 | E258: 15 | F258: =($D258+($D258*0.07))*$K$3 -> 87740 | G258: =($E258+($E258*0.07))*$K$3 -> 65805 | H258: 12
A259: CUIDADO FACIAL | B259: Tightening Serum | C259: 1 fl oz | D259: 58.67 | E259: 44 | F259: =($D259+($D259*0.07))*$K$3 -> 257385.29 | G259: =($E259+($E259*0.07))*$K$3 -> 193028 | H259: 40
A260: CUIDADO FACIAL | B260: Hydrating Cream | C260: 1.7 oz | D260: 45.33 | E260: 34 | F260: =($D260+($D260*0.07))*$K$3 -> 198862.71 | G260: =($E260+($E260*0.07))*$K$3 -> 149158 | H260: 30
... A269: CUIDADO FACIAL | B269: Customizable Essential Skin Care Kit | C269: 4 Piece | D269: 120 | E269: 90 | F269: =($D269+($D269*0.07))*$K$3 -> 526440 | G269: =($E269+($E269*0.07))*$K$3 -> 394830 | H269: 85
A270: CAPILAR | B270: Full Size Hair Care Kit | D270: 96 | E270: 72 | F270: =($D270+($D270*0.07))*$K$3 -> 421152 | G270: =($E270+($E270*0.07))*$K$3 -> 315864 | H270: 55
A271: CAPILAR | B271: Root to Tip Serum | C271: 1 fl oz | D271: 42.67 | E271: 32 | F271: =($D271+($D271*0.07))*$K$3 -> 187193.29 | G271: =($E271+($E271*0.07))*$K$3 -> 140384 | H271: 30
A272: CAPILAR | B272: Healthy Hold Glaze | C272: 4 fl oz | D272: 24 | E272: 18 | F272: =($D272+($D272*0.07))*$K$3 -> 105288 | G272: =($E272+($E272*0.07))*$K$3 -> 78966 | H272: 15
A273: CAPILAR | B273: Protecting Shampoo | C273: 8.46 fl oz | D273: 26 | E273: 19.5 | F273: =($D273+($D273*0.07))*$K$3 -> 114062 | G273: =($E273+($E273*0.07))*$K$3 -> 85546.5 | H273: 19,5
A274: CAPILAR | B274: Smoothing Conditioner | C274: 8.46 fl oz | D274: 33.33 | E274: 25 | F274: =($D274+($D274*0.07))*$K$3 -> 146218.71 | G274: =($E274+($E274*0.07))*$K$3 -> 109675 | H274: 23
A275: CAPILAR | B275: Hair Care System | C275: 4 Pack | D275: 103.33 | E275: 77.5 | F275: =($D275+($D275*0.07))*$K$3 -> 453308.71 | G275: =($E275+($E275*0.07))*$K$3 -> 339992.5 | H275: 70
A276: CAPILAR | B276: Shampoo and Conditioner | C276: 2 Pack | D276: 40 | E276: 30 | F276: =($D276+($D276*0.07))*$K$3 -> 175480 | G276: =($E276+($E276*0.07))*$K$3 -> 131610 | H276: 23
A277: CAPILAR | B277: Protecting Shampoo 2-Pack | C277: 2 Pack | D277: 35.33 | E277: 26.5 | F277: =($D277+($D277*0.07))*$K$3 -> 154992.71 | G277: =($E277+($E277*0.07))*$K$3 -> 116255.5 | H277: 20
A278: CAPILAR | B278: Smoothing Conditioner 2-Pack | C278: 2 Pack | D278: 40 | E278: 30 | F278: =($D278+($D278*0.07))*$K$3 -> 175480 | G278: =($E278+($E278*0.07))*$K$3 -> 131610 | H278: 23
A279: CAPILAR | B279: Protecting Shampoo | C279: 32 fl oz | D279: 60 | E279: 45 | F279: =($D279+($D279*0.07))*$K$3 -> 263220 | G279: =($E279+($E279*0.07))*$K$3 -> 197415 | H279: 35
A280: CAPILAR | B280: Smoothing Conditioner | C280: 32 fl oz | D280: 66.77 | E280: 50 | F280: =($D280+($D280*0.07))*$K$3 -> 292919.99 | G280: =($E280+($E280*0.07))*$K$3 -> 219350 | H280: 40
...

Sheet COTIZACION MEZCLAS
A1: MEZCLA PARA ARTRITIS PERROS
A2: ACEITE ESENCIAL DOTERRA | B2: GOTAS | C2: PRECIO x GOTA CLIENTE | D2: COSTO
A3: INCIENSO | B3: 4 | C3: =VLOOKUP($A3,'DOTERRA COLOMBIA'!$B$2:$G$219,6,0) -> 1530.668 | D3: =C3*B3 -> 6122.672
A4: LEMONGRASS | B4: 2 | C4: =VLOOKUP($A4,'DOTERRA COLOMBIA'!$B$2:$G$219,6,0) -> 218.668 | D4: =C4*B4 -> 437.336
A5: COPAIBA | B5: 6 | C5: =VLOOKUP($A5,'DOTERRA COLOMBIA'!$B$2:$G$219,6,0) -> 688 | D5: =C5*B5 -> 4128
A6: MEJORANA | B6: 4 | C6: =VLOOKUP($A6,'DOTERRA COLOMBIA'!$B$2:$G$219,6,0) -> 416 | D6: =C6*B6 -> 1664
A7: COCO FRACCIONADO | B7: 10 | C7: =VLOOKUP($A7,'DOTERRA COLOMBIA'!$B$2:$G$219,6,0) -> 568.11304 | D7: =C7*B7 -> 5681.1304
A8: ROLLON - 10ml | D8: 5000
A9: SUBTOTAL | D9: =SUM(D3:D8) -> 23033.138
A10: (+)GANANCIA ADICIONAL
A11: (+) ENVIO | D11: 10000
A12: TOTAL | D12: =D9+D10+D11 -> 33033.138
